 Dungeon Crawl Stone Soup version 0.29.1-15-g9cfb28693d (webtiles) character file.

Game seed: 3292997754303683251

423 Peloso the Covered (level 6, -11/56 HPs)
             Began as a Minotaur Fighter on Feb 25, 2023.
             Mangled by Duvessa
             ... wielding a +3 short sword
              (20 damage)
             ... on level 4 of the Dungeon.
             The game lasted 00:06:05 (3638 turns).

Peloso the Covered (Minotaur Fighter)               Turns: 3638, Time: 00:06:06

Health: -11/56     AC:  7    Str: 21    XL:     6   Next: 63%
Magic:  5/5        EV: 10    Int:  5    God:
Gold:   153        SH:  5    Dex: 11    Spells: 5/5 levels left

rFire   . . .      SeeInvis .   a - +0 long sword
rCold   . . .      Faith    .   d - +0 buckler
rNeg    . . .      Spirit   .   b - +0 scale mail
rPois   .          Reflect  .   (helmet restricted)
rElec   .          Harm     .   (no cloak)
rCorr   .          Rampage  .   (no gloves)
Will    .....                   (no boots)
Stlth   ..........              (no amulet)
HPRegen 0.18/turn               (no ring)
MPRegen 0.09/turn               (no ring)

@: mighty
A: horns 2, retaliatory headbutt
a: no special abilities


You were on level 4 of the Dungeon.
You visited 1 branch of the dungeon, and saw 4 of its levels.

You collected 153 gold pieces.

Inventory:

Hand Weapons
 a - a +0 long sword (weapon)
Armour
 b - a +0 scale mail (worn)
 d - a +0 buckler (worn)
Jewellery
 c - a ring of magical power
 f - a ring of ice
 o - a +6 ring of intelligence
 p - a +6 ring of intelligence
Wands
 v - a wand of quicksilver (11)
Scrolls
 e - 3 scrolls of identify {unknown}
 h - 3 scrolls of teleportation {unknown}
 k - a scroll of enchant armour {unknown}
 m - a scroll of butterflies {unknown}
 q - a scroll of poison {unknown}
 t - a scroll of magic mapping {unknown}
 u - a scroll of acquirement {unknown}
 w - a scroll of immolation {unknown}
Potions
 g - 2 potions of curing {unknown}
 i - a potion of heal wounds {unknown}
 l - a potion of flight {unknown}
 n - a potion of ambrosia {unknown}
 r - a potion of brilliance {unknown}
 s - a potion of cancellation {unknown}


   Skills:
 + Level 5.2 Fighting
 + Level 5.0 Long Blades
 + Level 5.6 Armour
 + Level 1.7 Dodging
 + Level 0.3 Stealth
 + Level 4.6 Shields


You had 5 spell levels left.
You didn't know any spells.
Your spell library contained the following spells:

 Spells                   Type           Power      Damage    Failure   Level
 Foxfire                  Conj/Fire      0%         2x1d4     87%         1
 Shock                    Conj/Air       0%         1d3       87%         1
 Slow                     Hex            0%         N/A       87%         1


Dungeon Overview and Level Annotations

Branches:
Dungeon (4/15)
 Temple: D:4-7

Altars:
Vehumet
Wu Jian

Shops:
D:1 **(?   D:4 [

Annotations:
D:2 Sigmund
D:4 Duvessa


Innate Abilities, Weirdness & Mutations

You have a pair of horns on your head.
You reflexively headbutt those who attack you in melee.


Message History

You see here a +0 dagger.
v - a wand of quicksilver (11)
You open the door.
Found a potion of lignification.
Found an ornate altar of the Wu Jian Council.
There is an open door here.
w - a scroll labelled ULAEKET USHORI
There is an open door here.
You see here a +0 robe.
Found a stone staircase leading up.
Duvessa, Sister of Dowan comes into view.
She is wielding a +3 short sword and carrying a wand of flame (15).
Duvessa is nearby!
Duvessa is nearby!
Duvessa shouts!
Duvessa goes berserk!
Duvessa rages.
You hear a shout!
You block Duvessa's attack.
Unknown command.
You slash Duvessa! Your headbutt misses Duvessa.
Duvessa is lightly wounded.
Duvessa hits you with a +3 short sword!
You hit Duvessa but do no damage.
Duvessa is lightly wounded.
Duvessa hits you with a +3 short sword! You block Duvessa's attack.
You closely miss Duvessa. You headbutt Duvessa, but do no damage.
Duvessa is lightly wounded.
Duvessa hits you with a +3 short sword! You block Duvessa's attack.
You barely miss Duvessa.
Duvessa is lightly wounded.
Duvessa misses you. You furiously retaliate!
You headbutt Duvessa, but do no damage. Duvessa hits you with a +3 short sword.
You closely miss Duvessa.
Duvessa is lightly wounded.
Duvessa completely misses you.
You feel very mighty all of a sudden. Duvessa hits you with a +3 short sword!
* * * LOW HITPOINT WARNING * * *
Duvessa hits you with a +3 short sword!!
You die...

#.# #.# #.#.# #.# #. #.#
#.######(#.# #.# #. #.#
#.....##.#.# #.##### #.
#.# #####.##.#.# #.....#
## #.# #.##.#.# #####.#
#.# ##.##.#.## #.# #.#
##...#....#######.# ##
#.#####......###........#
#. #.)..........#
#@######## #.
###>###......###e# #. #.#
#....#.....# #. #.#
#.#.##.###.# #. #.#
#.#.##.###.#######
######.
#.###...#............#
#.).)..
#.....#....##.######.#
#)##### #..#....##.##.#
#.####.## #
#....#.###.##.#
#.##....####


You could see Duvessa (berserk).

Vanquished Creatures
  2 scorpions (D:4)
  Dowan (D:4)
  A hound (D:4)
  Terence (D:2)
  3 orc wizards
  3 adders
  A worm (D:2)
  A dart slug (D:2)
  20 orcs
  8 ball pythons
  5 endoplasms
  A giant cockroach (D:2)
  3 goblins
  6 hobgoblins
  7 jackals (D:1)
  6 kobolds
  2 quokkas
  2 bats
  3 frilled lizards
  3 rats (D:1)
79 creatures vanquished.

Notes
Turn   | Place    | Note
-------+----------+-------------------------------------------
     0 | D:1      | Peloso the Minotaur Fighter began the quest for the Orb.
     0 | D:1      | Reached XP level 1. HP: 19/19 MP: 0/0
    41 | D:1      | Reached XP level 2. HP: 6/27 MP: 1/1
   271 | D:1      | Found Kifoodwu's Magic Scroll Boutique.
   307 | D:1      | Found Yluocoo's General Store.
   322 | D:1      | Found Essan's Weapon Emporium.
   400 | D:1      | Found Binwuech's Assorted Antiques.
   562 | D:1      | Found a faded altar of an unknown god.
   741 | D:2      | Reached XP level 3. HP: 19/33 MP: 2/2
  1010 | D:2      | Noticed Sigmund
  1220 | D:3      | Found a radiant altar of Vehumet.
  1760 | D:3      | Got A Tutorial on the Arcane Arts
  1794 | D:3      | Reached XP level 4. HP: 35/41 MP: 3/3
  2130 | D:2      | Noticed Terence
  2144 | D:2      | Killed Terence
  2145 | D:2      | Reached skill level 1 in Dodging
  2377 | D:2      | Reached XP level 5. HP: 44/47 MP: 4/4
  2765 | D:4      | Noticed Dowan
  2775 | D:4      | Killed Dowan
  2844 | D:4      | Reached skill level 5 in Armour
  2933 | D:4      | Reached skill level 5 in Fighting
  2933 | D:4      | Reached XP level 6. HP: 52/56 MP: 5/5
  3149 | D:4      | Found Sifoloepn's Armour Emporium.
  3302 | D:4      | Reached skill level 5 in Long Blades
  3486 | D:4      | Found an ornate altar of the Wu Jian Council.
  3626 | D:4      | Noticed Duvessa
  3638 | D:4      | Mangled by Duvessa

Illustrated notes

Levels and vault maps discovered:
D:1:      lightli_arrival_isolated_outpost, layout_rooms, serial_shops,
          shop_fountains, nicolae_shop_statue_plus, shop, shop,
          ebering_ecumenical_altar_box, eino_curves_02, minmay_cut_off
D:2:      layout_basic, hangedman_decor_growths, uniq_terence,
          uniq_crazy_yiuf_cottage, uniq_sigmund
D:3:      layout_basic, vehumet_crystals
D:4:      layout_loops_ring, nicolae_wu_jian_immortal_techniques, serial_shops,
          nicolae_diamond_shop, skrybe_limestone_x, uniq_duvessa

Skill      XL: |  1  2  3  4  5  6 |
---------------+-------------------+-----
Fighting       | 4 5 |  5.2
Shields        | 4 |  4.6
Armour         | 4 5 |  5.6
Long Blades    | 3 4 5 |  5.0
Dodging        | 1 |  1.7
Stealth        | |  0.3

Action                   |  1- 3 |  4- 6 || total
-------------------------+-------+-------++-------
Melee: Long sword        |   105 |   126 ||   231
       Headbutt          |    15 |    20 ||    35
  Use: Potion            |       |     2 ||     2
Armor: Scale mail        |    63 |    53 ||   116
       Skin              |       |    20 ||    20
Dodge: Dodged            |    70 |    39 ||   109
Block: Buckler           |    31 |    27 ||    58
